[Event "December 19 Early 2023"]
[Site "https://www.chess.com"]
[Date "2023.12.19"]
[Round "2"]
[White "Janaszak, Dawid"]
[Black "Terry, Renato"]
[Result "0-1"]
[Board "21"]
[TimeControl "180+1"]
[WhiteFideId "1119206"]
[BlackFideId "3803457"]
[WhiteElo "2218"]
[BlackElo "2578"]
[WhiteTeam "POL"]
[BlackTeam "PER"]
[WhiteClock "0:00:03"]
[BlackClock "0:00:15"]

1. e4 e6 2. b3 d5 3. Bb2 Nf6 4. d3 dxe4 5. Nd2 exd3 6. Bxd3 Nbd7 7. Qe2 Bd6 8. O-O-O Qe7 9. Nc4 O-O 10. Nf3 Nb6 11. Nxd6 cxd6 12. g4 e5 13. g5 Nfd5 14. Qe4 g6 15. Rhe1 Bf5 16. Qh4 Bxd3 17. Rxd3 Rac8 18. Nxe5 dxe5 19. Rxe5 Qc7 20. c4 h5 21. gxh6 Kh7 22. Qd4 Rg8 23. Rf3 Nb4 24. Rc5 Qe7 25. Qg7+ Rxg7 26. hxg7 Qe1# 0-1

[Event "December 19 Early 2023"]
[Site "https://www.chess.com"]
[Date "2023.12.19"]
[Round "2"]
[White "Masague Artero, Guerau"]
[Black "Praggnanandhaa R"]
[Result "1-0"]
[Board "22"]
[TimeControl "180+1"]
[WhiteFideId "32098952"]
[BlackFideId "25059530"]
[WhiteElo "2253"]
[BlackElo "2665"]
[WhiteTeam "ESP"]
[BlackTeam "IND"]
[WhiteClock "0:00:03"]
[BlackClock "0:00:00"]

1. Nf3 d5 2. e3 Nf6 3. d4 c5 4. Bb5+ Bd7 5. a4 e6 6. O-O a6 7. Bxd7+ Qxd7 8. b3 Nc6 9. Bb2 cxd4 10. Nxd4 Be7 11. Nd2 O-O 12. Qe2 Rac8 13. c4 Rfd8 14. Rfd1 Qe8 15. h3 Nb4 16. Rac1 Bc5 17. N4f3 Qe7 18. Ne5 h6 19. Ng4 Nxg4 20. Qxg4 e5 21. Nf3 Bd6 22. Nh4 Qf6 23. cxd5 Rxc1 24. Rxc1 Nd3 25. Rc2 Nxb2 26. Rxb2 e4 27. Rb1 Qe5 28. g3 Bf8 29. Nf5 g6 30. Nd4 Qxd5 31. Rc1 Bg7 32. Rd1 b5 33. axb5 axb5 34. h4 h5 35. Qe2 b4 36. Qd2 Qc5 37. Rc1 Qb6 38. Rc4 Bf8 39. Kg2 Qf6 40. Qc2 Re8 41. Rc8 1-0

[Event "December 19 Early 2023"]
[Site "https://www.chess.com"]
[Date "2023.12.19"]
[Round "2"]
[White "Demchenko, Anton"]
[Black "Thorfinnsson, Bragi"]
[Result "1-0"]
[Board "23"]
[TimeControl "180+1"]
[WhiteFideId "4160258"]
[BlackFideId "2300958"]
[WhiteElo "2545"]
[BlackElo "2325"]
[WhiteTeam "SLO"]
[BlackTeam "ISL"]
[WhiteClock "0:00:09"]
[BlackClock "0:00:00"]

1. e4 e5 2. Nf3 Nc6 3. Bc4 Bc5 4. d3 Nf6 5. a4 a6 6. O-O d6 7. Be3 O-O 8. Bxc5 dxc5 9. Nbd2 Qe7 10. Re1 Nd4 11. Nxd4 cxd4 12. a5 Ne8 13. Qh5 Nd6 14. Bb3 g6 15. Qh6 Be6 16. f4 f6 17. Rf1 Bxb3 18. Nxb3 Qg7 19. Qh3 Rae8 20. f5 gxf5 21. exf5 Kh8 22. Nc5 Rg8 23. Rae1 Qf7 24. Rf2 Qd5 25. b4 Nf7 26. Ne4 Ng5 27. Qh6 Nxe4 28. Rxe4 Qf7 29. g3 Rg5 30. Kg2 Reg8 31. Rf3 Rh5 32. Qd2 Qd7 33. Qf2 Rhg5 34. Qf1 Qd6 35. Qe1 Qd7 36. c3 Rxf5 37. Rxf5 Qxf5 38. cxd4 exd4 39. Rxd4 Qb5 40. Qe4 Qa4 41. Rc4 Qa2+ 42. Kh3 Qf2 43. Qf4 Qxf4 44. Rxf4 Rg6 45. Rd4 Rh6+ 46. Kg2 Rg6 47. Rd8+ Rg8 48. Rd5 Re8 49. Kf3 Re7 50. h4 Kg7 51. g4 Kf7 52. Kf4 Ke6 53. Rh5 Rd7 54. Ke4 Rg7 55. Kf3 Rd7 56. d4 Rxd4 57. Rxh7 Rxb4 58. Rxc7 f5 59. gxf5+ Kxf5 60. h5 Rb3+ 61. Ke2 Kg5 62. Rc5+ Kh6 63. Kd2 Kh7 64. Kc2 Rb4 65. Rc7+ Kh6 66. Rc5 Kh7 67. Kc3 Rb1 68. Kd4 Kh6 69. Rf5 Rb4+ 70. Kc3 Rb1 71. Kc4 Rc1+ 72. Kd5 Rb1 73. Kd6 1-0

[Event "December 19 Early 2023"]
[Site "https://www.chess.com"]
[Date "2023.12.19"]
[Round "2"]
[White "Burovic, Rijad"]
[Black "Vokhidov, Shamsiddin"]
[Result "0-1"]
[Board "24"]
[TimeControl "180+1"]
[WhiteFideId "14407701"]
[BlackFideId "14204223"]
[WhiteElo "2384"]
[BlackElo "2588"]
[WhiteTeam "BIH"]
[BlackTeam "UZB"]
[WhiteClock "0:00:44"]
[BlackClock "0:01:41"]

1. e4 c5 2. d3 d6 3. g3 Nc6 4. Bg2 g6 5. f4 Bg7 6. Nf3 e6 7. O-O Nge7 8. c3 b5 9. Be3 b4 10. d4 bxc3 11. bxc3 cxd4 12. cxd4 O-O 13. Nc3 d5 14. e5 Ba6 15. Re1 Rb8 16. Rc1 Qa5 17. Qd2 Rfc8 18. Bf1 Bxf1 19. Rxf1 Qa3 20. Rb1 Na5 21. Nb5 Rxb5 22. Rxb5 Nc4 23. Qc1 Qxe3+ 24. Qxe3 Nxe3 25. Rfb1 Nc6 26. Kf2 Nc4 27. Ke2 Bf8 28. Rb7 Nb6 29. Ke3 h6 30. Rc1 Nc4+ 31. Kd3 N4a5 32. Rbb1 Nb4+ 33. Ke3 Nc4+ 34. Ke2 Nxa2 35. Rc2 Nb4 36. Rc3 a5 37. Nd2 a4 38. Nxc4 dxc4 39. Ra3 Nd5 40. Rf3 c3 41. Kd3 c2 42. Rc1 Ba3 0-1

[Event "December 19 Early 2023"]
[Site "https://www.chess.com"]
[Date "2023.12.19"]
[Round "2"]
[White "Hajiyev, Kanan"]
[Black "Bortnyk, Olexandr"]
[Result "0-1"]
[Board "25"]
[TimeControl "180+1"]
[WhiteFideId "13404148"]
[BlackFideId "14120828"]
[WhiteElo "2102"]
[BlackElo "2731"]
[WhiteTeam "AZE"]
[BlackTeam "UKR"]
[WhiteClock "0:00:02"]
[BlackClock "0:01:47"]

1. d4 Nf6 2. Nf3 g6 3. g3 Bg7 4. Bg2 O-O 5. O-O d6 6. b3 a5 7. c4 Bf5 8. Nc3 Ne4 9. Bb2 Nxc3 10. Bxc3 Be4 11. Qd2 a4 12. d5 Bxc3 13. Qxc3 Bxf3 14. exf3 c5 15. h4 Nd7 16. f4 Nf6 17. Bf3 Qa5 18. Qc2 axb3 19. axb3 Qxa1 20. Rxa1 Rxa1+ 21. Kg2 Rfa8 22. Qe2 Kf8 23. f5 gxf5 24. Qe3 R8a2 25. Qh6+ Ke8 26. Qf4 Rb2 27. Qxf5 Kd8 28. g4 Raa2 29. g5 Rxf2+ 30. Kg3 Nd7 31. Qxf7 Ne5 32. Qg8+ Kc7 33. Be4 Rfb2 34. Qxh7 Rxb3+ 35. Kf4 Rf2+ 36. Bf3 Rfxf3+ 37. Ke4 Rbe3# 0-1

[Event "December 19 Early 2023"]
[Site "https://www.chess.com"]
[Date "2023.12.19"]
[Round "2"]
[White "Drygalov, Sergey"]
[Black "Saravana, Krishnan P."]
[Result "1-0"]
[Board "26"]
[TimeControl "180+1"]
[WhiteFideId "24171743"]
[BlackFideId "5018382"]
[WhiteElo "2504"]
[BlackElo "2167"]
[WhiteTeam "RUS"]
[BlackTeam "IND"]
[WhiteClock "0:00:58"]
[BlackClock "0:00:08"]

1. d4 Nf6 2. c4 e6 3. Nf3 d5 4. Nc3 c6 5. Bg5 Nbd7 6. e3 Qa5 7. cxd5 Nxd5 8. Qd2 Bb4 9. Rc1 b6 10. e4 N5f6 11. Bd3 Ba6 12. e5 Nd5 13. O-O h6 14. Bh4 Bxd3 15. Qxd3 Bxc3 16. bxc3 Nf4 17. Qe4 g5 18. Bg3 Qd5 19. Qe3 Nxg2 20. Kxg2 g4 21. c4 gxf3+ 22. Qxf3 Qxf3+ 23. Kxf3 h5 24. Bf4 Nf8 25. Ke4 Rd8 26. Bg5 Rd7 27. Bf6 Rg8 28. Rg1 Ng6 29. a4 Kf8 30. Rb1 Ne7 31. Rxg8+ Nxg8 32. a5 Rb7 33. Bd8 Ke8 34. a6 Rb8 35. Bg5 Ne7 36. f4 Nf5 37. d5 cxd5+ 38. cxd5 Rc8 39. d6 Rc4+ 40. Kd3 Rd4+ 41. Ke2 Rc4 42. Bf6 Kd7 43. Rg1 Rxf4 44. Rg8 Nxd6 45. Rd8+ Kc7 46. exd6+ Kc6 47. Be7 Rd4 48. Rc8+ Kb5 49. Rc7 1-0

[Event "December 19 Early 2023"]
[Site "https://www.chess.com"]
[Date "2023.12.19"]
[Round "2"]
[White "Melian, Juan Sebastian"]
[Black "Movahed, Sina"]
[Result "0-1"]
[Board "27"]
[TimeControl "180+1"]
[WhiteFideId "3706575"]
[BlackFideId "42520835"]
[WhiteElo "2098"]
[BlackElo "2341"]
[WhiteTeam "PAR"]
[BlackTeam "IRI"]
[WhiteClock "0:00:03"]
[BlackClock "0:00:12"]

1. e4 c5 2. b3 g6 3. Bb2 Nf6 4. e5 Nd5 5. Nc3 Nxc3 6. Bxc3 Bg7 7. h4 Nc6 8. h5 Bxe5 9. Bxe5 Nxe5 10. f4 Nc6 11. hxg6 fxg6 12. Bd3 O-O 13. Qg4 Qe8 14. Nf3 d5 15. Qh4 h5 16. Qg5 Bf5 17. O-O-O Qf7 18. Rxh5 Qg7 19. c3 gxh5 20. Bxf5 Qxg5 21. Be6+ Kg7 22. Nxg5 Rxf4 23. Bxd5 Rf5 24. Ne6+ Kf6 25. c4 Nb4 26. Bxb7 Rb8 27. Bd5 Nxd5 28. cxd5 Rxd5 29. Nf4 Rf5 30. Nd3 Rc8 31. Nb2 Rf2 32. Nc4 Rxg2 33. Rf1+ Kg7 34. Ne5 Rf8 35. Rh1 Rf5 36. Nc4 Rg3 37. Ne3 Rfg5 38. Kc2 Kg6 39. Kd3 Rf3 40. Ke4 Rf6 41. a3 Re6+ 42. Kf4 Rd6 43. Ng2 Rxg2 0-1

[Event "December 19 Early 2023"]
[Site "https://www.chess.com"]
[Date "2023.12.19"]
[Round "2"]
[White "Liascovich, Lucas"]
[Black "Rojas Alarcon, Julian Antonio"]
[Result "1-0"]
[Board "28"]
[TimeControl "180+1"]
[WhiteFideId "108634"]
[BlackFideId "5107407"]
[WhiteElo "2455"]
[BlackElo "2340"]
[WhiteTeam "ARG"]
[BlackTeam "MEX"]
[WhiteClock "0:01:34"]
[BlackClock "0:00:00"]

1. e4 e5 2. Nf3 Nf6 3. Nc3 Nc6 4. d4 exd4 5. Nxd4 Bb4 6. Nxc6 bxc6 7. Bd3 d5 8. Bd2 O-O 9. O-O Bg4 10. Qc1 Re8 11. Nxd5 Bxd2 12. Nxf6+ Qxf6 13. Qxd2 Qxb2 14. Qf4 Be6 15. Qxc7 Rec8 16. Qa5 c5 17. Ba6 Rd8 18. Qxc5 Bxa2 19. c4 Rd2 20. Rad1 Rxd1 21. Rxd1 Bb3 22. Qd4 Qa3 23. Ra1 Qe7 24. f3 Rd8 25. Qe3 Qb4 26. h4 Bxc4 27. Bxc4 Qxc4 28. Rxa7 h6 29. Kh2 Qd3 30. Qf4 Rf8 31. Ra5 Qc3 32. Rf5 Qc6 33. h5 Qb6 34. Rd5 Qc6 35. Qd6 Qxd6+ 36. Rxd6 Ra8 37. Kg3 Ra2 38. Kh3 Rb2 39. e5 Rb1 40. Kg4 Rb2 41. g3 Rc2 42. f4 Re2 43. Rd8+ Kh7 44. Rf8 1-0

[Event "December 19 Early 2023"]
[Site "https://www.chess.com"]
[Date "2023.12.19"]
[Round "2"]
[White "Kokoszczynski, Jan"]
[Black "Svane, Frederik"]
[Result "0-1"]
[Board "29"]
[TimeControl "180+1"]
[WhiteFideId "1174460"]
[BlackFideId "12923044"]
[WhiteElo "2266"]
[BlackElo "2502"]
[WhiteTeam "POL"]
[BlackTeam "GER"]
[WhiteClock "0:00:00"]
[BlackClock "0:00:08"]

1. e4 c5 2. Nf3 e6 3. g3 Nc6 4. Bg2 Nf6 5. Qe2 e5 6. O-O Be7 7. d3 O-O 8. Nc3 d6 9. Nd5 h6 10. c3 Re8 11. Nd2 Nxd5 12. exd5 Nb8 13. a4 Bf5 14. Nc4 Nd7 15. a5 Bf8 16. b4 cxb4 17. cxb4 b5 18. axb6 axb6 19. Be3 Qc7 20. Rfc1 Rxa1 21. Rxa1 b5 22. Na5 Qc3 23. Rc1 Qxb4 24. Nc6 Qa3 25. Be4 Bxe4 26. dxe4 b4 27. Rb1 Ra8 28. Rxb4 Qc3 29. Rb1 g6 30. Kg2 h5 31. Rb7 Nf6 32. Qf3 Bg7 33. Ba7 Qc2 34. Rb4 Qa2 35. Rb7 Qc2 36. Rb4 Ng4 37. h3 Nh6 38. Rb7 Rf8 39. Ne7+ Kh8 40. Nc6 f5 41. exf5 Nxf5 42. Qe2 Qxe2 0-1

[Event "December 19 Early 2023"]
[Site "https://www.chess.com"]
[Date "2023.12.19"]
[Round "2"]
[White "Grandelius, Nils"]
[Black "Sipila, Vilka"]
[Result "1-0"]
[Board "30"]
[TimeControl "180+1"]
[WhiteFideId "1710400"]
[BlackFideId "505455"]
[WhiteElo "2573"]
[BlackElo "2343"]
[WhiteTeam "SWE"]
[BlackTeam "FIN"]
[WhiteClock "0:00:40"]
[BlackClock "0:00:04"]

1. d4 f5 2. c4 Nf6 3. Nc3 g6 4. h4 Rg8 5. Nf3 d6 6. Bf4 Nc6 7. d5 Nb8 8. e3 e5 9. dxe6 Bxe6 10. Qb3 b6 11. Ng5 Qe7 12. Nxe6 Qxe6 13. Nd5 Qf7 14. O-O-O Bg7 15. Qa4+ Kd8 16. Be2 Ne4 17. Bf3 h6 18. Kb1 Nd7 19. Bxe4 fxe4 20. Nxc7 Kxc7 21. Rxd6 Ne5 22. Bxe5 Bxe5 23. Qc6+ Kb8 24. Rd7 Qxd7 25. Qxd7 1-0

[Event "December 19 Early 2023"]
[Site "https://www.chess.com"]
[Date "2023.12.19"]
[Round "2"]
[White "Galchenko, Matvey"]
[Black "Fishchuk, Vladyslav"]
[Result "1-0"]
[Board "31"]
[TimeControl "180+1"]
[WhiteFideId "24175480"]
[BlackFideId "34122117"]
[WhiteElo "2424"]
[BlackElo "2055"]
[WhiteTeam "FID"]
[BlackTeam "UKR"]
[WhiteClock "0:00:24"]
[BlackClock "0:00:06"]

1. e4 c5 2. Nf3 Nf6 3. e5 Nd5 4. c3 Nc6 5. Bc4 Nb6 6. Bb3 d5 7. exd6 Qxd6 8. O-O Be6 9. Bxe6 Qxe6 10. a4 Qd7 11. a5 Nd5 12. d4 cxd4 13. Nxd4 a6 14. Re1 e6 15. Qa4 Rc8 16. Nd2 Be7 17. N2f3 O-O 18. Nxc6 Qxc6 19. Qg4 Bf6 20. Bg5 Bxg5 21. Nxg5 h6 22. Nf3 Qb5 23. Ra2 Qc4 24. Qxc4 Rxc4 25. Ne5 Rcc8 26. Kf1 Rfd8 27. Raa1 f6 28. Nf3 e5 29. Red1 Kf7 30. g3 Nc7 31. Ke2 Ne6 32. Rxd8 Rxd8 33. Ra4 Nc5 34. Rb4 Ke6 35. Nd2 Rd7 36. Nc4 Nd3 37. Rb6+ Kf5 38. Nd6+ Ke6 39. Nxb7+ Kf5 40. Nd6+ Kg4 41. Kxd3 1-0

[Event "December 19 Early 2023"]
[Site "https://www.chess.com"]
[Date "2023.12.19"]
[Round "2"]
[White "Iskusnyh, Sergei"]
[Black "Zhigalko, Sergei"]
[Result "1-0"]
[Board "32"]
[TimeControl "180+1"]
[WhiteFideId "4120027"]
[BlackFideId "13502956"]
[WhiteElo "2455"]
[BlackElo "2616"]
[WhiteTeam "RUS"]
[BlackTeam "BLR"]
[WhiteClock "0:00:07"]
[BlackClock "0:00:00"]

1. d4 Nf6 2. c4 e6 3. g3 c5 4. Nf3 cxd4 5. Nxd4 Qc7 6. Nd2 Bc5 7. N2b3 Be7 8. Bf4 Qb6 9. Bg2 O-O 10. O-O d5 11. Rc1 Nc6 12. cxd5 exd5 13. Nxc6 bxc6 14. Be3 Qa6 15. Bc5 Re8 16. Bxe7 Rxe7 17. Nd4 Bd7 18. a3 Rc8 19. Rc5 Qb6 20. b4 Ne4 21. Bxe4 Rxe4 22. e3 g6 23. Qf3 Kg7 24. Rfc1 a6 25. Qe2 h5 26. h4 Rce8 27. Qb2 Kg8 28. Nxc6 Bxc6 29. Rxc6 Qb5 30. Rc8 Qd3 31. Rxe8+ Rxe8 32. Qc3 Qe2 33. Qd4 Qa2 34. Rc3 Qb1+ 35. Kg2 Qa2 36. Rd3 Re4 37. Qxd5 Rc4 38. Rd4 Rc2 39. Qxa2 Rxa2 40. Rd3 Kg7 41. Kf3 Kf6 42. Rd6+ Ke5 43. Rxa6 f6 44. Ra5+ Ke6 45. b5 g5 46. hxg5 fxg5 47. b6 g4+ 48. Kg2 Kf6 49. Rxh5 Rxa3 50. b7 Rb3 51. Rh7 Kg6 52. Rc7 Rb1 53. e4 Kf6 54. Rd7 Kg6 55. f4 Rb2+ 56. Kf1 Kf6 57. Rc7 Ke6 58. Ke1 Kd6 59. Rg7 Ke6 60. Kd1 Rxb7 61. Rxb7 1-0

[Event "December 19 Early 2023"]
[Site "https://www.chess.com"]
[Date "2023.12.19"]
[Round "2"]
[White "Tari, Aryan"]
[Black "Al-Tarboush, Ward"]
[Result "0-1"]
[Board "33"]
[TimeControl "180+1"]
[WhiteFideId "1510045"]
[BlackFideId "7601450"]
[WhiteElo "2577"]
[BlackElo "2278"]
[WhiteTeam "NOR"]
[BlackTeam "NOR"]
[WhiteClock "0:00:01"]
[BlackClock "0:00:49"]

1. Nf3 Nf6 2. d4 b6 3. g3 Bb7 4. Bg2 e6 5. O-O c5 6. c3 Be7 7. a4 O-O 8. a5 bxa5 9. dxc5 Bxc5 10. Bg5 h6 11. Bxf6 Qxf6 12. Rxa5 Bb6 13. Ra3 Nc6 14. Nbd2 d5 15. e3 Rad8 16. Nd4 e5 17. Nxc6 Bxc6 18. Qe2 Qe6 19. Rfa1 Rd7 20. c4 d4 21. Bxc6 Qxc6 22. e4 f5 23. b4 d3 24. Rxd3 Bd4 25. Rf1 f4 26. Kg2 Rdf7 27. Rf3 g5 28. g4 h5 29. h3 Qe6 30. Rg1 hxg4 31. hxg4 Qxg4+ 32. Kf1 Qh5 33. Ra3 f3 34. Rxf3 Rxf3 35. Nxf3 Rxf3 36. Rxg5+ Qxg5 37. Qxf3 Qc1+ 38. Kg2 Qxc4 39. Qg4+ Kf8 40. Qf5+ Qf7 41. Qc8+ Kg7 42. f3 Qe7 43. Qg4+ Kh6 44. Qh3+ Kg6 45. Qf5+ Kg7 46. b5 Qf6 47. Qd7+ Qf7 48. Qc8 Be3 49. Kf1 Qxf3+ 0-1

[Event "December 19 Early 2023"]
[Site "https://www.chess.com"]
[Date "2023.12.19"]
[Round "2"]
[White "Manukyan, Sargis A."]
[Black "Ter-Sahakyan, Samvel"]
[Result "0-1"]
[Board "34"]
[TimeControl "180+1"]
[WhiteFideId "13303970"]
[BlackFideId "13302531"]
[WhiteElo "2186"]
[BlackElo "2556"]
[WhiteTeam "ARM"]
[BlackTeam "ARM"]
[WhiteClock "0:00:05"]
[BlackClock "0:01:14"]

1. d4 Nf6 2. c4 e6 3. Nc3 d5 4. cxd5 exd5 5. Bg5 Bb4 6. e3 h6 7. Bh4 g5 8. Bg3 Ne4 9. Ne2 h5 10. f3 Nxg3 11. hxg3 Be6 12. a3 Bd6 13. e4 c6 14. exd5 cxd5 15. Qb3 Nc6 16. Qxb7 Na5 17. Qb5+ Kf8 18. Qd3 Rb8 19. b4 Nc4 20. Kf2 a5 21. b5 Bxa3 22. f4 Bb4 23. f5 Qf6 24. g4 Nb6 25. Ng3 h4 26. Kg1 hxg3 27. Rxh8+ Qxh8 28. Qxg3 Rc8 29. fxe6 Qxd4+ 30. Kh1 Kg7 31. Qh3 Rh8 32. Qxh8+ Kxh8 33. exf7 Qxc3 34. Rd1 Qf6 0-1

[Event "December 19 Early 2023"]
[Site "https://www.chess.com"]
[Date "2023.12.19"]
[Round "2"]
[White "Trost, Edvin"]
[Black "Baskakov, Egor"]
[Result "0-1"]
[Board "35"]
[TimeControl "180+1"]
[WhiteFideId "1729519"]
[BlackFideId "24197866"]
[WhiteElo "2385"]
[BlackElo "2225"]
[WhiteTeam "SWE"]
[BlackTeam "RUS"]
[WhiteClock "0:00:01"]
[BlackClock "0:00:22"]

1. d4 Nf6 2. Nf3 e6 3. Bf4 d5 4. Nbd2 Ne4 5. e3 Bd6 6. Bxd6 cxd6 7. Bd3 f5 8. O-O O-O 9. c4 Nxd2 10. Nxd2 dxc4 11. Nxc4 Nc6 12. Rc1 f4 13. Qh5 g6 14. Qh6 f3 15. g3 Qe7 16. Rc3 Bd7 17. Rfc1 d5 18. Nd2 e5 19. dxe5 Nxe5 20. Bf1 Ng4 21. Qh4 g5 22. Qh5 Qg7 23. Rc7 Nf6 24. Qxf3 Ne4 25. Qd1 Nxf2 26. Qb3 Rf5 27. Qxb7 Rd8 28. Bg2 Qe7 29. Nf1 Ng4 30. Bxd5+ Kh8 31. Bc6 Rxf1+ 32. Rxf1 Qxe3+ 33. Kh1 Nf2+ 34. Kg2 Bh3+ 35. Kg1 Ne4+ 36. Kh1 Qf3+ 37. Rxf3 Rd1+ 38. Rf1 Rxf1# 0-1

[Event "December 19 Early 2023"]
[Site "https://www.chess.com"]
[Date "2023.12.19"]
[Round "2"]
[White "Novikov, Evgenij"]
[Black "Chigaev, Maksim"]
[Result "0-1"]
[Board "36"]
[TimeControl "180+1"]
[WhiteFideId "4125380"]
[BlackFideId "4108116"]
[WhiteElo "2242"]
[BlackElo "2561"]
[WhiteTeam "RUS"]
[BlackTeam "ESP"]
[WhiteClock "0:00:02"]
[BlackClock "0:01:03"]

1. d4 Nf6 2. c4 g6 3. Nc3 Bg7 4. e4 d6 5. Be2 O-O 6. Nf3 Na6 7. O-O e5 8. d5 Nc5 9. Qc2 a5 10. Bg5 h6 11. Be3 b6 12. Nd2 Ng4 13. Bxg4 Bxg4 14. f3 Bd7 15. b3 f5 16. a3 f4 17. Bf2 Na6 18. Rab1 h5 19. b4 axb4 20. axb4 g5 21. c5 bxc5 22. bxc5 dxc5 23. Rb7 g4 24. Rfb1 Bc8 25. R7b5 Bd7 26. Rb7 g3 27. Be1 Bc8 28. R7b5 Nb4 29. Qd1 Nd3 30. Nf1 Nxe1 31. Qxe1 Ba6 32. Rxc5 h4 33. h3 Rf6 34. Ra5 Bd3 35. Rxa8 Qxa8 36. Ra1 Ra6 37. Rxa6 Qxa6 38. Nd2 Bf8 39. Nb3 Qb6+ 40. Kh1 Qxb3 0-1

[Event "December 19 Early 2023"]
[Site "https://www.chess.com"]
[Date "2023.12.19"]
[Round "2"]
[White "Shevchenko, Kirill"]
[Black "Shubenkova, Veronika"]
[Result "1-0"]
[Board "37"]
[TimeControl "180+1"]
[WhiteFideId "14129574"]
[BlackFideId "44124040"]
[WhiteElo "2603"]
[BlackElo "1967"]
[WhiteTeam "ROU"]
[BlackTeam "RUS"]
[WhiteClock "0:00:12"]
[BlackClock "0:00:02"]

1. d4 d5 2. c4 e6 3. Nc3 f5 4. Bf4 Nf6 5. e3 c6 6. Nf3 Bd6 7. Ne5 O-O 8. Bd3 Qe7 9. c5 Bc7 10. Rg1 Ne4 11. g4 b6 12. gxf5 exf5 13. Bh6 Bxe5 14. dxe5 Rf7 15. Bxe4 fxe4 16. Nxd5 Qxe5 17. Rg5 Qe8 18. Rxg7+ Rxg7 19. Nf6+ Kf7 20. Bxg7 Qe5 21. Nh5 Qxc5 22. Qd8 Be6 23. Qf6+ Ke8 24. Qxe6+ Qe7 25. Nf6+ Kd8 26. O-O-O+ 1-0

[Event "December 19 Early 2023"]
[Site "https://www.chess.com"]
[Date "2023.12.19"]
[Round "2"]
[White "Rasulov, Vugar"]
[Black "Novoselov, Roman"]
[Result "1-0"]
[Board "38"]
[TimeControl "180+1"]
[WhiteFideId "13402390"]
[BlackFideId "4135067"]
[WhiteElo "2517"]
[BlackElo "2250"]
[WhiteTeam "AZE"]
[BlackTeam "RUS"]
[WhiteClock "0:01:38"]
[BlackClock "0:00:10"]

1. d4 d5 2. c4 e6 3. Nc3 Nf6 4. Bg5 Be7 5. Nf3 Nbd7 6. e3 O-O 7. Rc1 dxc4 8. Bxc4 a6 9. e4 b5 10. Bd3 c5 11. e5 Nd5 12. Bxe7 Qxe7 13. Nxd5 exd5 14. O-O Bb7 15. Re1 Rac8 16. Bf5 cxd4 17. e6 fxe6 18. Bxe6+ Kh8 19. Bxd5 Qxe1+ 20. Qxe1 Bxd5 21. Nxd4 Nf6 22. b3 Rce8 23. Qb4 Re4 24. Qxf8+ 1-0

[Event "December 19 Early 2023"]
[Site "https://www.chess.com"]
[Date "2023.12.19"]
[Round "2"]
[White "Taboas Rodriguez, Daniel"]
[Black "Jones, Gawain C B"]
[Result "1-0"]
[Board "39"]
[TimeControl "180+1"]
[WhiteFideId "2208466"]
[BlackFideId "409561"]
[WhiteElo "2365"]
[BlackElo "2645"]
[WhiteTeam "ESP"]
[BlackTeam "ENG"]
[WhiteClock "0:00:17"]
[BlackClock "0:00:04"]

1. d4 d5 2. c4 e6 3. Nc3 a6 4. e4 dxe4 5. Nxe4 Nf6 6. Nxf6+ Qxf6 7. Nf3 b6 8. Bd3 Bb4+ 9. Bd2 Bxd2+ 10. Qxd2 Bb7 11. Qe3 Bxf3 12. gxf3 O-O 13. Be4 Ra7 14. O-O-O Nd7 15. f4 c5 16. d5 b5 17. d6 bxc4 18. Bc6 Rb8 19. Rd2 c3 20. bxc3 h6 21. Rb2 a5 22. Rd1 Rc8 23. Rb7 Rxb7 24. Bxb7 Rd8 25. Bc6 Qf5 26. f3 g6 27. Qe4 Qf6 28. Kc2 Nb8 29. Bb5 Qh4 30. Rd2 Nd7 31. Bxd7 Rxd7 32. Qc6 Rd8 33. Qc7 Kg7 34. d7 Qe7 35. a4 g5 36. fxg5 hxg5 37. Kb3 Kg6 38. Kc4 f5 39. Rd6 Kf7 40. Kxc5 Qf6 41. Kc4 g4 42. fxg4 f4 43. Rd2 e5 44. Qd6 Qe6+ 45. Kc5 Qb3 46. Qd5+ Qxd5+ 47. Rxd5 Ke6 48. Kc6 f3 49. Rd6+ Ke7 50. Rd3 Rf8 51. Kc7 e4 52. Re3 f2 53. Rxe4+ Kf6 54. Rf4+ Kg7 55. Rxf2 Rxf2 56. d8=Q Rf7+ 57. Kc6 Rf6+ 58. Kc5 Rf7 59. Qd4+ Kg8 60. Kb5 Kh7 61. Kxa5 Rg7 62. Kb4 Rf7 63. a5 Rb7+ 64. Ka4 Rf7 65. Qe4+ Kh8 66. a6 Rf1 67. Qe5+ Kh7 68. c4 Rf7 69. Qf5+ Kh8 70. Kb5 Re7 71. Qf6+ Rg7 72. a7 Kh7 73. Qxg7+ Kxg7 74. a8=Q Kg6 75. Qc6+ Kg5 76. c5 Kh4 77. Qd6 Kh3 78. c6 Kg2 79. c7 Kh1 80. c8=Q 1-0

[Event "December 19 Early 2023"]
[Site "https://www.chess.com"]
[Date "2023.12.19"]
[Round "2"]
[White "Steinberg, Nitzan"]
[Black "Souleidis, Georgios"]
[Result "1-0"]
[Board "40"]
[TimeControl "180+1"]
[WhiteFideId "2801795"]
[BlackFideId "4206827"]
[WhiteElo "2486"]
[BlackElo "2401"]
[WhiteTeam "ISR"]
[BlackTeam "GRE"]
[WhiteClock "0:00:32"]
[BlackClock "0:00:00"]

1. e4 c5 2. Nf3 e6 3. d4 cxd4 4. Nxd4 Nf6 5. Nc3 Nc6 6. a3 Be7 7. Be2 d6 8. Be3 O-O 9. O-O a6 10. f4 Qc7 11. Qe1 Nxd4 12. Bxd4 e5 13. fxe5 dxe5 14. Qg3 Bc5 15. Bxc5 Qxc5+ 16. Kh1 Kh8 17. Qh4 Qe7 18. Bd3 Be6 19. Qg5 Bd7 20. Qe3 Bc6 21. Rf5 Nd7 22. Raf1 f6 23. Qh3 g6 24. R5f2 Nc5 25. Qh4 Kg7 26. Rf3 Ne6 27. Bc4 Ng5 28. R3f2 Rad8 29. Nd5 Bxd5 30. Bxd5 b5 31. c3 Rd7 32. Qg4 f5 33. exf5 1-0

[Event "December 19 Early 2023"]
[Site "https://www.chess.com"]
[Date "2023.12.19"]
[Round "2"]
[White "Kavyev, Ruslan"]
[Black "Kovalev, Vladislav"]
[Result "1/2-1/2"]
[Board "41"]
[TimeControl "180+1"]
[WhiteFideId "34110981"]
[BlackFideId "13504398"]
[WhiteElo "2336"]
[BlackElo "2539"]
[WhiteTeam "RUS"]
[BlackTeam "FID"]
[WhiteClock "0:00:04"]
[BlackClock "0:00:06"]

1. d4 Nf6 2. c4 e6 3. g3 d5 4. Bg2 dxc4 5. Nf3 Bb4+ 6. Nbd2 O-O 7. Qc2 b5 8. a4 Bb7 9. axb5 a6 10. bxa6 Rxa6 11. Rxa6 Bxa6 12. O-O c5 13. dxc5 Qa5 14. Nxc4 Qxc5 15. b3 Nbd7 16. Be3 Qc7 17. Bf4 Qa7 18. Ra1 Bc5 19. e3 Nd5 20. Nfe5 Nxe5 21. Bxe5 Rc8 22. Qa2 Nb4 23. Qd2 Qe7 24. Bd6 Bxd6 25. Nxd6 Rb8 26. Be4 g6 27. Ra4 Rd8 28. Qxb4 Rxd6 29. Kg2 Qc7 30. Ra1 h5 31. h4 Rb6 32. Qd4 Bb7 33. b4 Rd6 34. Qe5 Rd7 35. Qxc7 Bxe4+ 36. f3 Rxc7 37. fxe4 Rc2+ 38. Kf3 Rb2 39. Ra8+ Kg7 40. Rb8 Kf6 41. Rb7 Kg7 42. e5 g5 43. hxg5 Kg6 44. Kf4 Rb1 45. b5 Rb4+ 46. Kf3 Kxg5 47. Rxf7 Rxb5 48. Rg7+ Kf5 49. Rh7 Kg6 50. Re7 Rxe5 51. Kf4 Kf6 52. Rf7+ Kxf7 53. Kxe5 Ke7 54. e4 Kf7 55. Kf4 Kf6 56. Kf3 Kg5 57. Kf2 Kg4 58. Kg2 e5 59. Kf2 Kg5 60. Kf3 Kf6 61. g4 h4 62. Kg2 Kg6 63. Kh2 Kh6 64. Kg2 Kg6 65. Kh2 Kh6 66. Kg2 Kg6 1/2-1/2

[Event "December 19 Early 2023"]
[Site "https://www.chess.com"]
[Date "2023.12.19"]
[Round "2"]
[White "Zakhartsov, Vladimir"]
[Black "Spata, German"]
[Result "1-0"]
[Board "42"]
[TimeControl "180+1"]
[WhiteFideId "4145097"]
[BlackFideId "113026"]
[WhiteElo "2448"]
[BlackElo "2260"]
[WhiteTeam "RUS"]
[BlackTeam "ARG"]
[WhiteClock "0:00:04"]
[BlackClock "0:00:00"]

1. e4 c5 2. Nf3 a6 3. c3 d5 4. exd5 Qxd5 5. d4 e6 6. Be3 Nd7 7. c4 Qc6 8. Nc3 Ngf6 9. d5 exd5 10. cxd5 Qc7 11. Bd3 Bd6 12. O-O O-O 13. h3 b5 14. Nh4 Ne5 15. Bc2 Nc4 16. Bc1 Bh2+ 17. Kh1 Bf4 18. b3 Nb6 19. Bb2 Rd8 20. Qf3 Be5 21. Rae1 Bd4 22. Bc1 b4 23. Ne4 Nbxd5 24. Bg5 Be6 25. Nf5 Re8 26. Nxd4 cxd4 27. Nxf6+ Nxf6 28. Bxf6 Qxc2 29. Bxd4 Qg6 30. Re5 Rad8 31. Qe3 Qc2 32. Re1 Qxa2 33. Rg5 g6 34. Qe5 Rxd4 35. Qxd4 Qxb3 36. Ra5 Qc3 37. Qxc3 bxc3 38. Rc1 Rc8 39. Rxa6 Bf5 40. g4 Bd3 41. Ra3 Be4+ 42. Kh2 c2 43. f3 Bd5 44. Kg3 Kg7 45. Rd3 Rc5 46. Kf2 Kf6 47. Ke3 Ke5 48. f4+ Kd6 49. Rd2 Ke6 50. Rcxc2 Rxc2 51. Rxc2 h5 52. Kd4 Bf3 53. g5 Kf5 54. Ke3 Bd5 55. Rc5 Ke6 56. h4 Kd6 57. Kd4 Bf3 58. Ra5 Ke6 59. f5+ gxf5 60. Re5+ Kd6 61. Rxf5 Bg4 62. Rxf7 1-0